 Dungeon Sprint DCSS version 0.31-a0-128-g25add195a6 (webtiles) character file.

Game seed: 1210137534625782890

5191 rocky1 the Bludgeoner (level 10, -3/103 HPs)
             Began as a Minotaur Fighter on June 2, 2023.
             Was an Elder of Okawaru.
             Slain by a komodo dragon (24 damage)
             ... in the Dungeon (Sprint III: "The Ten Rune Challenge").
             The game lasted 00:06:33 (3867 turns).

rocky1 the Bludgeoner (Minotaur Fighter)            Turns: 3867, Time: 00:06:34

Health: -3/103     AC: 14    Str: 25    XL:     10   Next: 34%
Magic:  14/14      EV: 12    Int:  5    God:    Okawaru [****..]
Gold:   3264       SH:  7    Dex: 10    Spells: 9/9 levels left

rFire   . . .        a - +0 flail
rCold   . . .        c - +0 buckler
rNeg    . . .        r - +0 chain mail
rPois   .            (helmet restricted)
rElec   .            (no cloak)
rCorr   .            (no gloves)
SInv    .            (no boots)
Will    .....        (no amulet)
Stlth   +            (no ring)
HPRegen 0.37/turn    (no ring)
MPRegen 0.14/turn

%: no teleportation
@: lethally poisoned (-3 -> -13), heroic, very slow
A: horns 2, retaliatory headbutt
a: Renounce Religion, Heroism, Finesse


You were in the Dungeon.
You worshipped Okawaru.
Okawaru was greatly pleased with you.
You visited 1 branch You collected 3264 gold pieces.

Inventory:

Hand Weapons
 a - a +0 flail (weapon)
 s - a +0 war axe of electrocution
Armour
 b - a +0 scale mail
 c - a +0 buckler (worn)
 r - a +0 chain mail (worn)
Scrolls
 j - a scroll of blinking
 k - a scroll of immolation {unknown}
 l - a scroll of poison
Potions
 d - a potion of might
 e - 3 potions of mutation
 f - 2 potions of heal wounds
 g - a potion of haste
 h - 2 potions of magic
 i - a potion of berserk rage
 m - 2 potions of enlightenment
 n - a potion of curing
 o - a potion of cancellation {unknown}
 q - a potion of lignification {unknown}
Miscellaneous
 p - a lightning rod (4/4)


   Skills:
 + Level 14.0(19.0) Fighting
 * Level 3.0(15.3) Axes
 + Level 15.2(20.3) Maces & Flails
 + Level 13.6(18.6) Armour
 + Level 4.1(9.1) Dodging
 + Level 3.1(8.1) Stealth
 + Level 10.9(15.9) Shields
 * Level 7.1 Invocations
 * Level 6.2 Evocations


You had 9 spell levels left.
You didn't know any spells.
Your spell library contained the following spells:

 Spells                   Type           Power      Damage    Failure   Level
 Freeze                   Ice            0%         1d3       86%         1
 Frozen Ramparts          Ice            0%         1d1       99%         3
 Hailstorm                Conj/Ice       0%         3d3       99%         3
 Inner Flame              Hex/Fire       0%         N/A       99%         3
 Flame Wave               Conj/Fire      0%         2d4       100%        4
 Sticky Flame             Conj/Fire      0%         2d3       100%        4


Dungeon Overview and Level Annotations

Branches:
Dungeon (1/1)

Altars:
Cheibriados
Dithmenos
Elyvilon
Fedhas
Gozag
Hepliaklqana
Kikubaaqudgha
Makhleb
Nemelex Xobeh
Okawaru
Qazlal
Ru
Sif Muna
Trog
Uskayaw
Vehumet
Wu Jian
Xom
Yredelemnul
Zin
The Shining One
Jiyva
Lugonu

Shops:
D [


Innate Abilities, Weirdness & Mutations

You have a pair of horns on your head.
You reflexively headbutt those who attack you in melee.


Message History

You sock the cane toad!
The cane toad is severely wounded.
You feel sick. The cane toad stings you!
Your unstable footing causes you to fumble your attack.
You feel sick.
You hit the cane toad. You headbutt the cane toad!
You kill the cane toad!
Okawaru is honoured by your kill.
You feel sick.
Your Invocations skill increases to level 7!
You sock the cane toad!
The cane toad is moderately wounded.
You block the cane toad's attack.
You hit the cane toad but do no damage. Your headbutt misses the cane toad.
The cane toad is moderately wounded.
You feel sick. The cane toad stings you.
You barely miss the cane toad.
The cane toad is moderately wounded.
You feel sick. The cane toad stings you!
You are more poisoned.
The cane toad poisons you!
Your unstable footing causes you to fumble your attack.
You feel very sick. The cane toad closely misses you. You furiously retaliate!
You headbutt the cane toad! You thump the cane toad!
You kill the cane toad!
Okawaru accepts your kill.
You feel very sick.
Your base Fighting skill increases to level 14!
Your base Axes skill increases to level 3!
You hit the komodo dragon but do no damage.
You feel very sick. You block the komodo dragon's attack.
You hit the komodo dragon.
The komodo dragon is lightly wounded.
You feel very sick.
Your unstable footing causes you to fumble your attack.
You feel sick. The komodo dragon bites you!!
You die...

..###...'.⌠........#)##.#∩.#..#
.####...#...######'#)).#..###.#
.###....#.⌠.#__#...#)############
.##.....#...#__#...#)§~§§'.#.')..
.#......#)###__#...#.#§§§#.#.#)..
#.#.....#)..#__#...'.#§§§#.#.#...
####....#___#__'...#.#§..#...#...
▓▓▓▓▓▓▓▓▓▓▓▓▓▓▓▓▓▓▓▓▓▓▓▓▓▓▓▓▓▓
♣@~~........~~~...
♣l♣≈≈≈≈≈≈≈≈≈≈≈≈♣♣P.
.~♣♣♣♣♣♣♣♣♣♣♣♣♣♣♣♣PP #.. ♣♣♣ ##


You could see a komodo dragon.

Vanquished Creatures
  Josephine (D)
  A centaur warrior (D)
  An orc high priest (D)
  A deep elf pyromancer (D)
  An orc knight (D)
  2 cane toads (D)
  An unseen horror (D)
  A shadow (D)
  A spatial vortex (D)
  4 orc warriors (D)
  2 centaurs (D)
  An earth elemental (D)
  A water elemental (D)
  A necrophage (D)
  A scorpion (D)
  3 wandering mushrooms (D)
  4 orc priests (D)
  A jelly (D)
  A wizard (D)
  A necromancer (D)
  2 orc wizards (D)
  3 humans (D)
  A kobold demonologist (D)
  6 orcs (D)
  An endoplasm (D)
  3 rats (D)
46 creatures vanquished.

Notes
Turn   | Place    | Note
-------+----------+-------------------------------------------
     0 | D        | rocky1 the Minotaur Fighter began the quest for the Orb.
     0 | D        | Reached XP level 1. HP: 19/19 MP: 0/0
    41 | D        | Noticed a scorpion
    48 | D        | Killed a scorpion
    49 | D        | Reached skill level 4 in Maces & Flails
    49 | D        | Reached skill level 5 in Armour
    49 | D        | Reached skill level 5 in Shields
    49 | D        | Reached XP level 2. HP: 21/30 MP: 1/1
    49 | D        | Reached XP level 3. HP: 26/37 MP: 2/2
    55 | D        | Reached XP level 4. HP: 30/45 MP: 3/3
    62 | D        | Noticed a water elemental
    65 | D        | Killed a water elemental
    66 | D        | Reached skill level 5 in Maces & Flails
    66 | D        | Reached XP level 5. HP: 25/52 MP: 4/4
    77 | D        | Found a hide-covered altar of Uskayaw.
    77 | D        | Found an iron altar of Okawaru.
    77 | D        | Found a bloodstained altar of Trog.
    77 | D        | Found an ornate altar of the Wu Jian Council.
    77 | D        | Noticed a human
    79 | D        | Killed a human
    79 | D        | Noticed a human
    80 | D        | Reached skill level 7 in Maces & Flails
    80 | D        | Reached XP level 6. HP: 35/63 MP: 5/5
    84 | D        | Killed a human
    85 | D        | Reached skill level 10 in Fighting
    85 | D        | Reached skill level 8 in Maces & Flails
    85 | D        | Reached skill level 1 in Dodging
    97 | D        | Became a worshipper of Warmaster Okawaru
   701 | D        | Found a radiant altar of Vehumet.
   701 | D        | Found a shimmering blue altar of Sif Muna.
   701 | D        | Found an ancient bone altar of Kikubaaqudgha.
   712 | D        | Noticed a red devil
   715 | D        | Noticed a smoke demon
  1147 | D        | Found a glowing silver altar of Zin.
  1148 | D        | Found a glowing golden altar of the Shining One.
  1148 | D        | Found a white marble altar of Elyvilon.
  1148 | D        | Noticed a deep elf pyromancer
  1156 | D        | Killed a deep elf pyromancer
  1157 | D        | Reached skill level 10 in Maces & Flails
  1157 | D        | Reached skill level 10 in Armour
  1157 | D        | Reached XP level 7. HP: 37/74 MP: 6/6
  1377 | D        | Found a basalt altar of Yredelemnul.
  1377 | D        | Found a shadowy altar of Dithmenos.
  1377 | D        | Found a sacrificial altar of Ru.
  1381 | D        | Reached skill level 11 in Maces & Flails
  1590 | D        | Noticed a shadow
  1595 | D        | Killed a shadow
  1595 | D        | Reached * piety under Okawaru
  1596 | D        | Reached skill level 1 in Stealth
  1596 | D        | Reached skill level 10 in Shields
  1596 | D        | Reached XP level 8. HP: 60/83 MP: 7/7
  1781 | D        | Found a blossoming altar of Fedhas.
  1781 | D        | Found a stormy altar of Qazlal.
  1781 | D        | Found a snail-covered altar of Cheibriados.
  1781 | D        | Found a burning altar of Makhleb.
  1781 | D        | Found a shimmering altar of Xom.
  1782 | D        | Found a hazy altar of Hepliaklqana.
  1782 | D        | Found an opulent altar of Gozag.
  1782 | D        | Found a sparkling altar of Nemelex Xobeh.
  1782 | D        | Found a corrupted altar of Lugonu.
  1782 | D        | Found a viscous altar of Jiyva.
  1790 | D        | Reached skill level 1 in Invocations
  1989 | D        | Noticed Josephine
  2002 | D        | Killed Josephine
  2002 | D        | Reached ** piety under Okawaru
  2003 | D        | Reached skill level 12 in Maces & Flails
  2015 | D        | Reached skill level 13 in Maces & Flails
  2024 | D        | Noticed a centaur warrior
  2032 | D        | Killed a centaur warrior
  2032 | D        | Reached *** piety under Okawaru
  2033 | D        | Reached XP level 9. HP: 70/93 MP: 7/11
  2036 | D        | Reached skill level 5 in Invocations
  2300 | D        | Noticed an orc knight
  2309 | D        | Reached skill level 14 in Maces & Flails
  2323 | D        | Noticed an orc high priest
  2358 | D        | Killed an orc high priest
  2359 | D        | Reached skill level 5 in Evocations
  2369 | D        | Killed an orc knight
  2369 | D        | Reached **** piety under Okawaru
  2370 | D        | Reached XP level 10. HP: 29/101 MP: 13/13
  2374 | D        | Reached skill level 15 in Maces & Flails
  2383 | D        | Found Roazxur's Antique Armour Boutique.
  3113 | D        | Reached skill level 1 in Axes
  3845 | D        | Noticed a cane toad
  3845 | D        | Noticed a cane toad
  3859 | D        | Killed a cane toad
  3864 | D        | Killed a cane toad
  3867 | D        | Slain by a komodo dragon

Illustrated notes

Levels and vault maps discovered:
D:        dungeon_sprint_mu [sprint_mu_entry_cave, sprint_mu_temple_rooms,
          sprint_mu_d1_horrors, sprint_mu_d2_genie, sprint_mu_d3_branching,
          sprint_mu_orc_legion, sprint_mu_elf_gauntlet, sprint_mu_hive_nellie,
          sprint_mu_lair_fedhas, sprint_mu_vaults_butterflies,
          sprint_mu_slime_circle, sprint_mu_shoals_kraken,
          sprint_mu_snake_twists, sprint_mu_blade_basic,
          sprint_mu_crypt_fortress, sprint_mu_tomb_spiral,
          sprint_mu_vestibule_basic, sprint_mu_gehenna_hellfire,
          sprint_mu_dis_giant, sprint_mu_tartarus_statrot,
          sprint_mu_cocytus_islands, sprint_mu_zot1]

Skill      XL: |  1  2  3  4  5  6  7  8  9 10 |
---------------+-------------------------------+-----
Fighting       | 6 7 9 11 12 13 14 | 14.0
Armour         | 5 6 7 8 10 12 13 | 13.6
Shields        | 5 6 8 9 10 | 10.9
Maces & Flails | 4 5 7 10 11 13 14 15 | 15.2
Dodging        | 1 2 3 4 |  4.1
Stealth        | 1 2 3 |  3.1
Invocations    | 4 6 7 |  7.1
Evocations     | 4 5 6 |  6.2
Axes           | 3 |  3.0

Action                     |  1- 3 |  4- 6 |  7- 9 | 10-12 || total
---------------------------+-------+-------+-------+-------++-------
  Melee: Flail             |    20 |    32 |   101 |    67 ||   220
         Headbutt          |     1 |     7 |    22 |    17 ||    47
 Invoke: Heroism           |       |       |     3 |     1 ||     4
    Use: Potion            |     2 |       |     1 |       ||     3
         Scroll            |       |     2 |       |       ||     2
 Armour: Scale mail        |     7 |     5 |    22 |       ||    34
         Chain mail        |       |       |       |    34 ||    34
  Dodge: Dodged            |     4 |     8 |    42 |    14 ||    68
  Block: Buckler           |     4 |     5 |    13 |    19 ||    41

Table legend: (Time is in decaauts)
 A = Elapsed time spent in this place.
 B = Non-inter-level travel time spent in this place.
 C = Inter-level travel time spent in this place.
 D = Time resting spent in this place.
 E = Time spent auto-exploring this place.
 F = Levels seen in this place.
 G = Mean time per level.
                   A        B        C        D        E       F      G
               +--------+--------+--------+--------+--------+-----+--------+
         Total |   3848 |   3848 |      0 |   3174 |     13 |   1 | 3848.0 |
       Dungeon |   3848 |   3848 |      0 |   3174 |     13 |   1 | 3848.0 |
               +--------+--------+--------+--------+--------+-----+--------+

Top non-repeatable levels by time:
       D: 3848 daAuts
